Map: Para Site LE

Players

belhieg - Winner!

  • Race: Zerg Zerg
  • League: Gold
  • Spawn Location: 5:00

A.I. 1 (Very Easy)

  • Race: Zerg Zerg
  • Spawn Location: 11:00

VOD

Have the link to the VOD?

Description

Time

  • Played on: Nov. 27, 2018, 11:02 p.m.
  • Length: 8:34
Show
View Real Time Build Order
Export as new Build Order

belhieg Zerg - Winner!

Build Orders: Hatch First 

Get SALT Encoding   

  12  0:01  Drone  
  13  0:12  Overlord  
  13  0:16  Drone  
  14  0:31  Drone x2  
  16  0:51  Hatchery  
  16  0:53  Drone  
  16  0:56  Drone  
  17  1:00  Drone  
  18  1:04  Extractor  
  17  1:17  Spawning Pool  
  16  1:19  Drone  
  16  1:22  Drone  
  18  1:28  Drone  
  19  1:39  Overlord  
  19  1:50  Drone  
  20  2:00  Drone  
  21  2:04  Drone  
  21  2:06  Queen  
  21  2:07  Queen  
  26  2:11  Drone  
  27  2:19  Drone  
  28  2:27  Hatchery  
  28  2:28  Drone  
  28  2:31  Drone  
  28  2:33  Drone  
  28  2:37  Drone  
  31  2:43  Drone  
  32  2:48  Drone  
  33  2:54  Overlord  
  33  2:57  Queen  
  35  3:06  Drone  
  35  3:10  Overlord  
  36  3:20  Drone x3  
  36  3:21  Drone x4  
  36  3:23  Drone  
  44  3:27  Queen  
  46  3:36  Drone  
  46  3:37  Drone  
  46  3:38  Hatchery  
  46  3:40  Drone  
  48  3:42  Extractor  
  48  3:44  Extractor  
  48  3:46  Drone x2  
  48  3:47  Drone  
  49  3:48  Drone  
  49  3:51  Overlord  
  49  3:53  Drone  
  51  3:55  Drone  
  51  4:00  Drone x3  
  55  4:04  Drone x2  
  57  4:13  Drone x2  
  57  4:14  Drone  
  57  4:15  Drone  
  61  4:18  Overlord x2  
  61  4:19  Overlord  
  61  4:20  Drone x2  
  61  4:21  Drone  
  61  4:24  Drone  
  65  4:28  Drone  
  66  4:32  Extractor  
  66  4:36  Extractor  
  66  4:37  Roach Warren  
  66  4:38  Drone x3  
  66  4:39  Drone  
  66  4:40  Drone x2  
  69  5:01  Overlord x2  
  69  5:02  Overlord x7  
  69  5:12  Drone  
  70  5:19  Overlord x2  
  70  5:20  Overlord x2  
  70  5:25  Roach x4  
  70  5:26  Roach x8  
  94  5:38  Roach x6  
  106  5:45  Roach  
  106  5:46  Roach x5  
  106  5:48  Roach  
  120  5:52  Roach  
  120  5:53  Roach x2  
  120  5:55  Roach  
  128  6:01  Roach  
  128  6:02  Roach x3  
  128  6:03  Roach  
  138  6:11  Roach x4  
  144  6:16  Roach x3  
  144  6:17  Roach  
  154  6:21  Roach  
  154  6:22  Roach x2  
  154  6:24  Roach  
  154  6:25  Roach  
  164  6:27  Roach  
  164  6:30  Roach  
  164  6:31  Roach  
  164  6:32  Roach  
  172  6:34  Roach  
  172  6:35  Roach  
  172  6:37  Roach  
  172  6:39  Roach  
  180  6:41  Roach  
  180  6:42  Roach  
  180  6:44  Roach  
  180  6:45  Roach  
  188  6:47  Roach  
  188  6:49  Roach  
  188  6:50  Roach  
  188  6:52  Roach  
  188  6:54  Roach  
  198  6:55  Roach  
Show
View Real Time Build Order
Export as new Build Order

A.I. 1 (Very Easy) Zerg 

Build Orders: Hatch First 

Get SALT Encoding   

  12  0:01  Drone  
  13  0:12  Overlord  
  13  0:16  Drone  
  14  0:40  Hatchery  
  13  0:45  Drone  
  14  1:02  Spawning Pool  
  13  1:04  Drone  
  13  1:08  Extractor  
  13  1:12  Drone  
  14  1:19  Overlord  
  14  1:48  Queen  
  14  1:49  Zergling x2  
  14  1:52  Zergling x2  
  18  1:56  Roach Warren  
  17  2:01  Drone  
  17  2:07  Extractor  
  17  2:10  Drone  
  18  2:16  Zergling x2  
  18  2:21  Drone  
  20  2:28  Drone  
  21  2:35  Drone  
  22  2:42  Drone  
  23  2:49  Drone  
  24  2:57  Drone  
  25  2:59  Roach  
  25  3:04  Drone  
  28  3:09  Overlord  
  28  3:13  Drone  
  29  3:20  Drone  
  30  3:27  Drone, Lair  
  31  3:40  Drone  
  32  3:42  Roach  
  32  3:47  Drone  
  35  3:55  Drone  
  36  3:57  Overlord  
  36  4:02  Drone  
  37  4:09  Drone  
  38  4:16  Drone  
  39  4:23  Drone  
  40  4:24  Ravager  
  40  4:25  Overseer x2, Roach  
  40  4:30  Drone  
  44  4:38  Drone  
  45  4:39  Overlord  
  45  4:45  Drone  
  46  4:51  Extractor  
  46  4:52  Drone  
  46  4:57  Extractor  
  46  4:59  Drone  
  46  5:07  Drone  
  47  5:14  Drone  
  48  5:21  Drone  
  49  5:28  Drone  
  50  5:35  Drone  
  51  5:42  Drone  
  52  7:40  Zergling x2, Queen, Overlord  
  51  7:50  Drone  
  47  7:57  Drone  
  38  8:05  Drone  
  25  8:12  Drone  
Tags
 
League
Gold
Matchup
ZvZ
Race
Zerg
Spawn Locations
Cross Positions
Add a new tag
Caveats
  • Supply blocks, unpowered buildings, or Contaminate may cause inaccurate times.
  • Supply counts are checked every 10 seconds.